 Zot Defence DCSS version 0.15.2 (webtiles) character file.

520 McIrco the Skirmisher (level 7, -1/54 (62) HPs)
             Began as a Hill Orc Fighter on Mar 11, 2018.
             Succumbed to a gnoll sergeant's poison
             ... in the Realm of Zot (Scenario I: Hall of Zot).
             The game lasted 00:03:54 (552 turns).

McIrco the Skirmisher (Hill Orc Fighter)             Turns: 552, Time: 00:03:54

HP  -1/54 (62)   AC  7     Str 21      XL: 7   Next: 21%
MP   7/7         EV  7     Int  8      God:
Gold 0           SH 10     Dex 10      Spells:  0 memorised,  6 levels left

rFire  . . .     SeeInvis .     a - +0 trident
rCold  . . .     Clarity  .     b - +0 scale mail
rNeg   . . .     rCorr    .     c - +0 shield
rPois  .         rRot     .     (no helmet)
rElec  .         Spirit   .     (no cloak)
SustAb .         Warding  .     (no gloves)
rMut   .         Stasis   .     (no boots)
Gourm  .                        (no amulet)
MR     .....                    (no ring)
                                (no ring)

@: lethally poisoned, exhausted, slowed, very slow, not resistant to hostile
enchantments, extremely unstealthy
A: no striking features
a: Make oklob sapling, Make arrow trap, Make plant, Remove Curse, Make burning
bush, Make altar, Make grenades, Make oklob plant


You were in the Realm of Zot.
You were not hungry.

You visited 1 branch

Inventory:

Hand weapons
 a - a +0 trident (weapon)
Armour
 b - a +0 scale mail (worn)
 c - a +0 shield (worn)
Comestibles
 f - a meat ration
Scrolls
 k - a scroll of blinking
Potions
 d - 3 potions of curing
 e - a potion of might
 h - a potion of haste
 i - 2 potions of magic


   Skills:
 + Level 5.7 Fighting
 + Level 4.0 Polearms
 + Level 5.3 Armour
 - Level 0.2 Dodging
 + Level 5.4 Shields


You had 6 spell levels left.
You didn't know any spells.

Dungeon Overview and Level Annotations

Branches:
    Zot (1/1)

Altars:


Message History

You swing at nothing.
You feel a strong urge to attack something.
Twofism hits you with a whip.
* * * LOW HITPOINT WARNING * * *
You block the gnoll sergeant's attack.
You swing at nothing.
You are no longer berserk.
You are exhausted.
You feel yourself slow down. The goblin hits you but does no damage.
The gnoll sergeant hits you from afar with a glowing trident!
* * * LOW HITPOINT WARNING * * *
You are lethally poisoned!
Your burning bush throws fire at the gnoll sergeant.
The puff of flame hits the gnoll sergeant.
You block Twofism's attack. You block the ooze's attack.
Unknown command.
Unknown command.
Unknown command.
You hit Twofism but do no damage.
Twofism is severely wounded.
You die...

▓▓▓▓▓▓▓▓ ▓▓▓▓▓▓▓▓ ....▓▓▓▓
▓▓▓▓.... .......▓▓▓ ▓▓▓.......
.........▓▓ ▓▓.........
..........▓ ▓▓▓▓▓▓▓▓▓ ▓..........
..........▓▓▓P.....P▓▓▓..........
..........▓▓.........▓▓..........
..........▓...)(%K....▓..........
............%(g)@J)%.%...........
..........▓.....%gg...▓..........
..........▓▓.........▓▓..........
..........▓▓▓.......▓▓▓..........
..........# ▓▓▓▓▓▓▓▓▓ #..........
.........## ##.........
.......### ###....... ....####
####.... ######### #########


You could see Twofism the big kobold, 2 gnoll sergeants, an ooze, a goblin, a
friendly burning bush and a friendly oklob sapling.

Vanquished Creatures
  A black bear (Zot)
  A necrophage (Zot)
  A giant mite (Zot)
  A worm (Zot)
  An ooze (Zot)
  3 goblins (Zot)
  4 kobolds (Zot)
  2 ball pythons (Zot)
  4 bats (Zot)
  3 giant geckos (Zot)
  2 rats (Zot)
23 creatures vanquished.

Vanquished Creatures (collateral kills)
  A gnoll sergeant (Zot)
  A worm (Zot)
  4 ball pythons (Zot)
  4 bats (Zot)
  3 giant newts (Zot)
  4 goblins (Zot)
  A kobold (Zot)
  4 rats (Zot)
22 creatures vanquished.

Grand Total: 45 creatures vanquished

Notes
Turn   | Place    | Note
--------------------------------------------------------------
     0 | Zot      | McIrco, the Hill Orc Fighter, began the quest for the Orb.
     0 | Zot      | Reached XP level 1. HP: 19/19 MP: 1/1
   207 | Zot      | Reached XP level 2. HP: 25/27 MP: 2/2
   209 | Zot      | Reached skill level 4 in Fighting
   238 | Zot      | Noticed Piedap
   258 | Zot      | Killed Piedap the necrophage
   258 | Zot      | Reached XP level 3. HP: 6/32 MP: 3/3
   258 | Zot      | Reached XP level 4. HP: 7/38 MP: 4/4
   258 | Zot      | Reached XP level 5. HP: 8/44 MP: 5/5
   334 | Zot      | Reached skill level 5 in Fighting
   421 | Zot      | Reached XP level 6. HP: 21/48 MP: 6/6
   438 | Zot      | Noticed Ysiav
   447 | Zot      | Killed Ysiav the black bear
   447 | Zot      | Reached skill level 5 in Armour
   447 | Zot      | Reached skill level 5 in Shields
   511 | Zot      | Reached XP level 7. HP: 26/53 MP: 7/7
   551 | Zot      | HP: 2/54 [gnoll sergeant/glowing trident (13)]
   552 | Zot      | Succumbed to a gnoll sergeant's poison

Action                   |  1- 3 |  4- 6 |  7- 9 || total
-------------------------+-------+-------+-------++-------
Melee: Trident           |    31 |    66 |    18 ||   115
 Abil: Make oklob saplin |     1 |       |       ||     1
       Make burning bush |       |       |     1 ||     1
  Use: Potion            |       |       |     2 ||     2
